 Dungeon Crawl Stone Soup version 0.31.0-11-ge490571c62 (webtiles) character file.

Game seed: 8783092512074001489

37 CraigForest the Shooter (level 3, 0/20 HPs)
             Began as a Deep Elf Hunter on Feb 4, 2024.
             Frozen to death by an endoplasm (3 damage)
             ... on level 2 of the Dungeon.
             The game lasted 00:03:04 (1131 turns).

CraigForest the Shooter (Deep Elf Hunter)           Turns: 1131, Time: 00:03:05

Health: 0/20       AC:  3    Str:  8    XL:     3   Next: 23%
Magic:  5/5        EV: 12    Int: 13    God:
Gold:   82         SH:  0    Dex: 20    Spells: 2/2 levels left

rFire   . . .        a - +0 shortbow
rCold   . . .        (shield currently unavailable)
rNeg    . . .        c - +0 leather armour
rPois   .            (no helmet)
rElec   .            (no cloak)
rCorr   .            (no gloves)
SInv    .            (no boots)
Will    .....        (no amulet)
Stlth   ++           (no ring)
HPRegen 0.23/turn    (no ring)
MPRegen 0.09/turn

%: no passive effects
@: no status effects
A: no striking features
a: no special abilities


You were on level 2 of the Dungeon.
You visited 1 branch of the dungeon, and saw 2 of its levels.

You collected 82 gold pieces.

Inventory:

Hand Weapons
 a - a +0 shortbow (weapon)
Armour
 c - a +0 leather armour (worn)
Scrolls
 b - a scroll of butterflies
 d - a scroll of poison {unknown}
 f - 3 scrolls of teleportation {unknown}
 g - 3 scrolls of identify {unknown}
Potions
 e - a potion of mutation {unknown}
 h - a potion of berserk rage {unknown}
 i - a potion of curing {unknown}
 j - a potion of heal wounds {unknown}


   Skills:
 + Level 1.6 Fighting
 + Level 6.7 Ranged Weapons
 + Level 0.1 Armour
 + Level 2.4 Dodging
 + Level 1.2 Stealth


You had 2 spell levels left.
You didn't know any spells.
Your spell library contained the following spells:

 Spells                   Type           Power      Damage    Failure   Level
 Ensorcelled Hibernation  Hex/Ice        0%         N/A       56%         2
 Passwall                 Erth           0%         N/A       80%         3
 Swiftness                Air            0%         N/A       80%         3


Dungeon Overview and Level Annotations

Branches:
Dungeon (2/15)

Altars:


Message History

You shoot an arrow. The arrow barely misses the rat.
The rat bites you but does no damage.
You shoot an arrow. The arrow hits the rat.
You kill the rat!
You shoot an arrow. The arrow hits the ribbon worm!
The ribbon worm is severely wounded.
You shoot an arrow. The arrow hits the ribbon worm.
The ribbon worm is almost dead.
The endoplasm freezes you.
You are frozen.
The ribbon worm expels a string of sticky webbing.
The stream of webbing hits you but does no damage.
You are caught in a web!
The endoplasm freezes you.
You are frozen.
You are caught in a web!
Unknown command.
The web tears apart.
The ribbon worm bites you. The endoplasm misses you.
You are too injured to fight recklessly!
You are too injured to fight recklessly!
You are too injured to fight recklessly!
You are too injured to fight recklessly!
You shoot an arrow. The arrow hits the ribbon worm.
The ribbon worm is almost dead.
The ribbon worm bites you.
* * * LOW HITPOINT WARNING * * *
The endoplasm freezes you.
You are frozen.
* * * LOW HITPOINT WARNING * * *
You shoot an arrow. The arrow hits the ribbon worm.
You kill the ribbon worm!
You shoot an arrow. The arrow hits the endoplasm.
The endoplasm is lightly wounded.
The endoplasm misses you.
You shoot an arrow.
The arrow hits the endoplasm but does no damage.
The endoplasm is lightly wounded.
The endoplasm freezes you.
You are frozen.
You die...

#.# ##+##
#.# #.#
#.# #.#
#.# ####
#.# ..#
#.# #.#
#.#
#.######.#
#.@......#
#J########
#...#
......#
.....#)##
####.#. )
#. . #. #.
..


You could see an endoplasm.

Vanquished Creatures
  An adder (D:2)
  3 ribbon worms (D:2)
  5 endoplasms
  6 goblins
  A hobgoblin (D:1)
  A quokka (D:2)
  A ball python (D:2)
  A frilled lizard (D:1)
  3 rats (D:2)
22 creatures vanquished.

Notes
Turn   | Place    | Note
-------+----------+-------------------------------------------
     0 | D:1      | CraigForest the Deep Elf Hunter began the quest for the
                  | Orb.
     0 | D:1      | Reached XP level 1. HP: 12/12 MP: 3/3
   513 | D:1      | Reached skill level 6 in Ranged Weapons
   513 | D:1      | Reached XP level 2. HP: 16/16 MP: 4/4
   960 | D:2      | Reached XP level 3. HP: 20/20 MP: 5/5
  1131 | D:2      | Frozen to death by an endoplasm

Illustrated notes

Levels and vault maps discovered:
D:1:      minmay_arrival_checkered_box, layout_basic
D:2:      layout_loops_corners, chequers_arboretum, minmay_tetromino_i4

Skill      XL: |  1 |
---------------+----+-----
Ranged Weapons | 6 |  6.7
Fighting       | |  1.6
Armour         | |  0.1
Dodging        | |  2.4
Stealth        | |  1.2

Action                     || total
---------------------------++-------
   Fire: Shortbow          ||    56
 Armour: Leather armour    ||     5
  Dodge: Dodged            ||     6
